[ AOE2 MATCH · #463522009 ]
1v1 RMEthiopians vs Romans
Player's team · WIN
Rival team · LOSS
[ REPLAY ANALYSIS · EXTRACTED FROM THE RECORDED GAME ]
Feudal
10:43
Castle
24:44
Imperial
43:43
| APM avg | 28.7 |
| APM peak | 94 |
| eAPM avg | 19.9 |
| Villagers / military | 191 / 368 |
Focus
⚔️ 41.8% · 🌾 58.2%
Shotel Warrior ×131 · Scout Cavalry ×89 · Archer ×77 · Spearman ×34 · Bombard Cannon ×11 · Trebuchet (Packed) ×10
Feudal
9:44
Castle
26:11
Imperial
45:18
| APM avg | 50.2 |
| APM peak | 104 |
| eAPM avg | 26.7 |
| Villagers / military | 221 / 270 |
Focus
⚔️ 37.5% · 🌾 62.5%
Skirmisher ×102 · Spearman ×63 · Militia ×33 · Scorpion ×26 · Scout Cavalry ×15 · Trebuchet (Packed) ×10
Match map
Resources at game start + every placement click. Thick line = wall · dashed box = detected house wall. 🟡 gold · ⚪ stone · 🟢 berries · 🔶 boar · ⭕ relic
Inputs per minute
— tejedax - - Marcox
Build order — tejedax
First 150 of 690 actions detected
| 0:01 | Create | Villager (Male) |
| 0:02 | Create | Villager (Male) |
| 0:03 | Build | House |
| 0:05 | Build | House |
| 0:10 | Create | Villager (Male) |
| 0:21 | Create | Villager (Male) |
| 1:29 | Create | Villager (Male) |
| 1:53 | Build | Lumber Camp |
| 2:00 | Create | Villager (Male) |
| 2:24 | Create | Villager (Male) |
| 2:49 | Build | House |
| 2:55 | Create | Villager (Male) |
| 3:20 | Create | Villager (Male) |
| 3:59 | Create | Villager (Male) |
| 3:59 | Create | Villager (Male) |
| 4:22 | Create | Villager (Male) |
| 4:22 | Create | Villager (Male) |
| 4:33 | Build | Mill |
| 4:47 | Create | Villager (Male) |
| 5:20 | Build | Mill |
| 5:28 | Create | Villager (Male) |
| 5:40 | Create | Villager (Male) |
| 6:00 | Build | House |
| 6:08 | Create | Villager (Male) |
| 6:34 | Create | Villager (Male) |
| 6:58 | Create | Villager (Male) |
| 7:22 | Create | Villager (Male) |
| 7:54 | Research | Loom |
| 8:33 | Research | Feudal Age |
| 8:34 | Research | Feudal Age |
| 8:48 | Build | Lumber Camp |
| 8:57 | Create | Villager (Male) |
| 9:06 | Build | Barracks |
| 9:08 | Create | Villager (Male) |
| 9:57 | Build | House |
| 10:05 | Build | House |
| 10:12 | Build | Palisade Wall |
| 10:20 | Create | Villager (Male) |
| 10:43 | Age | Feudal Age |
| 10:48 | Build | Archery Range |
| 10:53 | Create | Villager (Male) |
| 11:00 | Research | Double-Bit Axe |
| 11:07 | Build | Mining Camp |
| 11:20 | Create | Archer |
| 11:20 | Create | Archer |
| 11:21 | Create | Archer |
| 12:20 | Build | Farm |
| 12:31 | Build | Farm |
| 12:44 | Build | House |
| 12:55 | Create | Archer |
| 13:08 | Build | House |
| 13:56 | Create | Villager (Male) |
| 14:08 | Build | Blacksmith |
| 14:15 | Create | Skirmisher |
| 14:15 | Create | Skirmisher |
| 14:28 | Build | Farm |
| 14:29 | Build | Farm |
| 14:29 | Build | Farm |
| 15:20 | Build | Lumber Camp |
| 15:33 | Research | Fletching |
| 15:45 | Create | Villager (Male) |
| 15:46 | Create | Villager (Male) |
| 15:57 | Build | Farm |
| 16:14 | Create | Archer |
| 16:15 | Create | Archer |
| 16:22 | Build | Farm |
| 16:28 | Create | Villager (Male) |
| 16:42 | Build | Farm |
| 16:42 | Build | Farm |
| 16:42 | Build | Farm |
| 17:41 | Create | Villager (Male) |
| 17:41 | Create | Villager (Male) |
| 17:42 | Create | Villager (Male) |
| 18:03 | Create | Villager (Male) |
| 18:25 | Build | House |
| 18:28 | Create | Villager (Male) |
| 18:35 | Build | Farm |
| 18:35 | Build | Farm |
| 18:36 | Build | Farm |
| 18:36 | Build | Farm |
| 18:36 | Build | Farm |
| 18:36 | Build | Farm |
| 18:37 | Build | Farm |
| 18:44 | Research | Horse Collar |
| 18:54 | Create | Archer |
| 18:54 | Create | Archer |
| 18:55 | Create | Archer |
| 19:05 | Create | Archer |
| 19:20 | Build | House |
| 19:45 | Create | Villager (Male) |
| 20:04 | Build | Market |
| 20:09 | Create | Villager (Male) |
| 20:16 | Build | Farm |
| 20:22 | Create | Archer |
| 20:37 | Create | Villager (Male) |
| 20:38 | Create | Villager (Male) |
| 20:49 | Build | Farm |
| 21:25 | Build | Stone Wall |
| 21:26 | Create | Villager (Male) |
| 22:04 | Research | Castle Age |
| 22:14 | Build | Archery Range |
| 22:21 | Create | Villager (Male) |
| 22:30 | Create | Villager (Male) |
| 22:36 | Create | Archer |
| 22:36 | Create | Archer |
| 22:42 | Create | Spearman |
| 22:43 | Create | Spearman |
| 22:57 | Create | Archer |
| 23:06 | Build | House |
| 23:08 | Build | House |
| 23:17 | Create | Villager (Male) |
| 23:34 | Create | Spearman |
| 23:35 | Create | Spearman |
| 23:37 | Create | Villager (Male) |
| 23:44 | Create | Archer |
| 24:44 | Age | Castle Age |
| 24:49 | Research | Crossbowman (upgrade) |
| 24:53 | Research | Bodkin Arrow |
| 24:58 | Research | Thumb Ring |
| 24:59 | Create | Villager (Male) |
| 25:37 | Build | Town Center |
| 25:37 | Create | Villager (Male) |
| 25:46 | Create | Villager (Male) |
| 25:58 | Create | Villager (Male) |
| 25:59 | Create | Villager (Male) |
| 26:09 | Build | Mining Camp |
| 26:10 | Create | Villager (Male) |
| 26:41 | Create | Villager (Male) |
| 26:42 | Create | Villager (Male) |
| 27:00 | Create | Villager (Male) |
| 27:16 | Create | Villager (Male) |
| 27:26 | Create | Villager (Male) |
| 27:33 | Build | Mining Camp |
| 27:33 | Create | Villager (Male) |
| 28:03 | Create | Villager (Male) |
| 28:20 | Create | Villager (Male) |
| 28:30 | Create | Villager (Male) |
| 28:38 | Create | Archer |
| 28:38 | Create | Archer |
| 28:38 | Create | Archer |
| 28:39 | Create | Archer |
| 28:39 | Create | Archer |
| 28:39 | Create | Archer |
| 28:39 | Create | Archer |
| 28:40 | Create | Archer |
| 28:40 | Create | Villager (Male) |
| 28:46 | Build | University |
| 29:01 | Build | Town Center |
| 29:03 | Create | Villager (Male) |
| 29:06 | Research | Wheelbarrow |
Build order — Marcox
First 150 of 625 actions detected
| 0:02 | Build | House |
| 0:02 | Build | House |
| 0:03 | Create | Villager (Male) ×4 |
| 1:17 | Create | Villager (Male) |
| 1:41 | Create | Villager (Male) |
| 1:42 | Create | Villager (Male) |
| 1:42 | Create | Villager (Male) |
| 1:55 | Build | Lumber Camp |
| 2:22 | Create | Villager (Male) |
| 2:22 | Create | Villager (Male) |
| 2:23 | Create | Villager (Male) |
| 2:23 | Create | Villager (Male) |
| 2:48 | Create | Villager (Male) |
| 2:48 | Create | Villager (Male) |
| 2:49 | Create | Villager (Male) |
| 2:55 | Create | Villager (Male) |
| 2:55 | Create | Villager (Male) |
| 3:14 | Build | House |
| 3:23 | Create | Villager (Male) |
| 3:23 | Create | Villager (Male) |
| 3:24 | Create | Villager (Male) |
| 3:24 | Create | Villager (Male) |
| 3:44 | Create | Villager (Male) |
| 3:44 | Create | Villager (Male) |
| 4:05 | Create | Villager (Male) |
| 4:05 | Create | Villager (Male) |
| 4:06 | Create | Villager (Male) |
| 4:06 | Create | Villager (Male) |
| 4:37 | Create | Villager (Male) |
| 4:37 | Create | Villager (Male) |
| 4:38 | Create | Villager (Male) |
| 4:39 | Create | Villager (Male) |
| 4:39 | Create | Villager (Male) |
| 4:54 | Create | Villager (Male) |
| 4:55 | Create | Villager (Male) |
| 5:09 | Build | House |
| 5:28 | Build | Barracks |
| 5:38 | Build | House |
| 5:41 | Build | Palisade Wall |
| 6:08 | Create | Villager (Male) |
| 6:44 | Build | Mining Camp |
| 6:44 | Create | Villager (Male) |
| 7:13 | Create | Villager (Male) |
| 7:34 | Research | Feudal Age |
| 7:34 | Research | Feudal Age |
| 8:13 | Create | Militia |
| 8:13 | Create | Militia |
| 8:13 | Create | Militia |
| 8:13 | Create | Militia |
| 8:13 | Create | Militia |
| 8:20 | Build | House |
| 8:26 | Build | House |
| 8:28 | Build | Palisade Wall |
| 8:30 | Build | Palisade Wall |
| 8:34 | Build | Palisade Wall |
| 8:36 | Build | Palisade Wall |
| 8:50 | Create | Militia |
| 8:50 | Create | Militia |
| 8:50 | Create | Militia |
| 8:50 | Create | Militia |
| 9:05 | Create | Militia |
| 9:05 | Create | Militia |
| 9:06 | Create | Militia |
| 9:06 | Create | Militia |
| 9:11 | Build | Palisade Wall |
| 9:12 | Build | Palisade Wall |
| 9:12 | Build | Palisade Wall |
| 9:13 | Build | Palisade Wall |
| 9:19 | Build | Palisade Wall |
| 9:31 | Create | Militia |
| 9:31 | Create | Militia |
| 9:31 | Create | Militia |
| 9:44 | Age | Feudal Age |
| 9:56 | Build | Blacksmith |
| 9:58 | Build | House |
| 10:01 | Build | House |
| 10:24 | Research | Man-at-Arms (upgrade) |
| 10:25 | Research | Man-at-Arms (upgrade) |
| 10:50 | Build | Mill |
| 11:04 | Research | Loom |
| 11:30 | Research | Scale Mail Armor |
| 12:01 | Build | Mill |
| 12:13 | Build | House |
| 12:41 | Research | Forging |
| 12:41 | Research | Forging |
| 13:04 | Create | Villager (Male) |
| 13:04 | Create | Villager (Male) |
| 13:04 | Create | Villager (Male) |
| 13:05 | Create | Villager (Male) |
| 13:49 | Build | Archery Range |
| 13:51 | Build | Archery Range |
| 13:52 | Build | House |
| 13:54 | Build | Palisade Wall |
| 14:23 | Create | Villager (Male) |
| 14:24 | Create | Villager (Male) |
| 15:30 | Build | Lumber Camp |
| 15:35 | Create | Villager (Male) |
| 15:35 | Create | Villager (Male) |
| 15:35 | Create | Villager (Male) |
| 15:39 | Create | Villager (Male) |
| 15:39 | Create | Villager (Male) |
| 15:50 | Research | Horse Collar |
| 16:07 | Research | Double-Bit Axe |
| 16:13 | Create | Villager (Male) |
| 16:20 | Create | Villager (Male) |
| 16:34 | Build | Watch Tower |
| 16:52 | Create | Villager (Male) |
| 17:07 | Create | Villager (Male) |
| 17:49 | Build | Market |
| 17:51 | Build | House |
| 17:53 | Build | Palisade Wall |
| 17:53 | Build | Palisade Wall |
| 17:56 | Create | Villager (Male) |
| 18:03 | Build | Lumber Camp |
| 18:32 | Create | Villager (Male) ×2 |
| 18:35 | Build | Farm |
| 18:35 | Build | Farm |
| 18:36 | Build | Farm |
| 18:36 | Build | Farm |
| 18:36 | Build | Farm |
| 18:36 | Build | Farm |
| 18:36 | Build | Farm |
| 18:37 | Build | Farm |
| 18:37 | Build | Farm |
| 18:37 | Build | Farm |
| 19:00 | Build | Farm |
| 19:00 | Build | Farm |
| 19:00 | Build | Farm |
| 19:01 | Build | Farm |
| 19:01 | Build | Farm |
| 19:01 | Build | Farm |
| 19:31 | Research | Fletching |
| 19:32 | Create | Skirmisher |
| 19:39 | Build | Palisade Gate |
| 19:46 | Build | House |
| 19:58 | Build | Farm |
| 19:58 | Build | Farm |
| 19:58 | Build | Farm |
| 19:58 | Build | Farm |
| 19:58 | Build | Farm |
| 20:03 | Create | Skirmisher |
| 20:13 | Build | Palisade Wall |
| 20:15 | Create | Villager (Male) |
| 20:20 | Create | Skirmisher |
| 20:31 | Build | Farm |
| 20:39 | Build | House |
| 20:42 | Create | Skirmisher |
| 20:44 | Create | Villager (Male) |
| 20:50 | Build | Palisade Wall |
| 21:00 | Create | Villager (Male) |
Match timeline
| 5:28 | Marcox · first_building Barracks |
| 5:41 | Marcox · wall_segment Palisade Wall x7 |
| 8:28 | Marcox · wall_segment Palisade Wall x2 |
| 8:30 | Marcox · wall_segment Palisade Wall x3 |
| 8:34 | Marcox · wall_segment Palisade Wall x3 |
| 8:36 | Marcox · wall_segment Palisade Wall x2 |
| 9:06 | tejedax · first_building Barracks |
| 9:11 | Marcox · wall_segment Palisade Wall x1 |
| 9:12 | Marcox · wall_segment Palisade Wall x1 |
| 9:12 | Marcox · wall_segment Palisade Wall x1 |
| 9:13 | Marcox · wall_segment Palisade Wall x1 |
| 9:19 | Marcox · wall_segment Palisade Wall x1 |
| 9:44 | Marcox · age_up feudal |
| 10:12 | tejedax · wall_segment Palisade Wall x3 |
| 10:43 | tejedax · age_up feudal |
| 10:48 | tejedax · first_building Archery Range |
| 13:49 | Marcox · first_building Archery Range |
| 13:54 | Marcox · wall_segment Palisade Wall x9 |
| 17:53 | Marcox · wall_segment Palisade Wall x15 |
| 17:53 | Marcox · wall_segment Palisade Wall x1 |
| 19:29 | Marcox · first_market_buy 100 food |
| 20:13 | Marcox · wall_segment Palisade Wall x3 |
| 20:50 | Marcox · wall_segment Palisade Wall x2 |
| 21:05 | Marcox · first_market_sell 100 wood |
| 21:25 | tejedax · wall_segment Stone Wall x11 |
| 21:34 | Marcox · wall_segment Palisade Wall x4 |
| 21:35 | tejedax · first_market_buy 100 food |
| 22:01 | tejedax · first_market_sell 100 wood |
| 22:48 | Marcox · wall_segment Palisade Wall x15 |
| 24:44 | tejedax · age_up castle |
| 26:11 | Marcox · age_up castle |
| 26:32 | Marcox · first_building Siege Workshop |
| 30:58 | tejedax · first_building Siege Workshop |
| 31:52 | tejedax · first_building Monastery |
| 33:17 | tejedax · wall_segment Stone Wall x7 |
| 33:45 | tejedax · first_building Castle |
| 34:47 | tejedax · first_building Stable |
| 40:21 | Marcox · first_building Castle |
| 42:36 | Marcox · wall_segment Stone Wall x1 |
| 42:37 | Marcox · wall_segment Stone Wall x1 |
| 42:41 | Marcox · wall_segment Stone Wall x3 |
| 42:48 | Marcox · wall_segment Stone Wall x4 |
| 42:50 | Marcox · wall_segment Stone Wall x4 |
| 43:43 | tejedax · age_up imperial |
| 45:18 | Marcox · age_up imperial |
| 53:53 | Marcox · first_building Stable |
| 57:43 | Marcox · wall_segment Stone Wall x1 |
| 63:37 | Marcox · wall_segment Stone Wall x1 |
| 63:42 | Marcox · wall_segment Stone Wall x1 |
| 72:39 | Marcox · resign |
[ AI ANALYSIS · 1 CREDIT ]
What really happened in this match?
Wolo.gg analyzes every decision: build order, eco, micro, common mistakes by bracket. Personalized analysis on WhatsApp or Discord in 30 seconds.
Civ guide
Ethiopians
Map guide
Arabia
Perfil
tejedax